 Dungeon Crawl Stone Soup version 0.27.1-1-g398f81649c (webtiles) character file.

Game seed: 15736068767007535204

135 szrap the Ruffian (level 4, -5/42 HPs)
             Began as a Troll Transmuter on Sept 20, 2021.
             Slain by Sigmund (10 damage)
             ... on level 2 of the Dungeon.
             The game lasted 00:03:16 (1426 turns).

szrap the Ruffian (Troll Transmuter)                Turns: 1426, Time: 00:03:17

Health: -5/42      AC:  4    Str: 18    XL:     4   Next: 96%
Magic:  5/5        EV: 10    Int: 10    God:
Gold:   179        SH:  0    Dex: 10    Spells: 3/6 levels left

rFire    . . .     SeeInvis .     - Unarmed
rCold    . . .     Faith    .   (no shield)
rNeg     . . .     Spirit   .   d - +0 animal skin
rPois    .         Reflect  .   (helmet restricted)
rElec    .         Harm     .   (no cloak)
rCorr    .         Rampage  .   (gloves unavailable)
Will     .....                  (boots unavailable)
Stlth    +.........             (no amulet)
HPRegen  1.14/turn              (no ring)
MPRegen  0.09/turn              (no ring)

@: no status effects
A: large, unfitting armour, claws 3, regeneration 1, shaggy fur 1, tough skin 1
a: no special abilities


You were on level 2 of the Dungeon.
You visited 1 branch of the dungeon, and saw 2 of its levels.

You collected 179 gold pieces.

Inventory:

Missiles
 g - 74 arrows
Armour
 d - a +0 animal skin (worn)
Potions
 b - a potion of brilliance
 c - 2 potions of haste
 e - a potion of curing {unknown}


   Skills:
 * Level 1.8 Fighting
 + Level 2.1 Dodging
 + Level 4.1 Unarmed Combat
 + Level 1.7 Spellcasting
 + Level 1.9 Transmutations


You had 3 spell levels left.
You knew the following spells:

 Your Spells              Type           Power      Damage    Failure   Level
a - Beastly Appendage     Tmut           8%         N/A       14%         1
b - Wereblood             Tmut           4%         N/A       22%         2

Your spell library contained the following spells:

 Spells                   Type           Power      Damage    Failure   Level
 Spider Form              Tmut/Pois      1%         N/A       54%         3
 Ice Form                 Ice/Tmut       2%         N/A       91%         4


Dungeon Overview and Level Annotations

Branches:
Dungeon (2/15)

Altars:

Annotations:
D:2 Sigmund


Innate Abilities, Weirdness & Mutations

You are too large for most types of armour.
You have claws for hands.
Your natural rate of healing is unusually fast.
You are covered in fur. (AC +1)
You have tough skin. (AC +1)


Message History

The quokka barely misses you.
You miss the quokka. Your kick misses the quokka.
The quokka is lightly wounded.
The quokka barely misses you.
You claw the quokka!
You kill the quokka!
No target in view!
You start resting.
Magic restored.
Your horns disappear.
Your talons disappear.
You now have 157 gold pieces (gained 16).
Found 6 gold pieces.
You now have 163 gold pieces (gained 6).
You now have 179 gold pieces (gained 16).
There is an open door here.
Sigmund is nearby!
Casting: Beastly Appendage (safe; 14% risk of failure)
Confirm with . or Enter, or press ? or * to list all spells.
You grow a pair of large bovine horns.
Your feet morph into talons.
Sigmund shouts!
Your transformation is almost over.
Sigmund screams, "Only death can liberate you!"
Sigmund casts a spell at you. The puff of flame hits you!
Sigmund casts a spell.
Sigmund flickers and vanishes!
Deactivating autopickup; reactivate with Ctrl-A.
Something hits you! Something hits you. Something hits you!
Your horns disappear.
Your talons disappear.
Something hits you!
* * * LOW HITPOINT WARNING * * *
Something hits you.
* * * LOW HITPOINT WARNING * * *
Something hits you.
* * * LOW HITPOINT WARNING * * *
You barely miss something. You claw something! Something hits you!
You die...

#.......#.......####.....##**
#####...#................#***
#...#........##......##,,
#...#........##.........,
#.......................,
###..........#.###........,
#..............###.###....,
#.....#....###............,
#.........@.....##.###*..,,
#....##...##.......#,,,,,,*
####..................+,,,,,,*
#..+............#..##.#,,,,,,*
#.##...............#*...,,,,,*
#........#....####...,...,,,,,
#....##..#.........##.,..,,,,,
#....##..##...######*,.,,*+*,,
#....##..##...### *,,,,*,*,,


There were no monsters in sight!

Vanquished Creatures
  A scorpion (D:2)
  Robin (D:2)
  An adder (D:1)
  A worm (D:2)
  4 ball pythons
  5 bats
  4 endoplasms
  14 goblins
  5 hobgoblins
  3 quokkas
  5 frilled lizards
  A kobold (D:1)
  5 rats (D:1)
50 creatures vanquished.

Vanquished Creatures (others)
  A fungus (D:2)
  4 plants (D:2)
5 creatures vanquished.

Grand Total: 55 creatures vanquished

Notes
Turn   | Place    | Note
-------+----------+-------------------------------------------
     0 | D:1      | szrap the Troll Transmuter began the quest for the Orb.
     0 | D:1      | Reached XP level 1. HP: 18/18 MP: 1/1
   103 | D:1      | Reached skill level 1 in Fighting
   105 | D:1      | Reached XP level 2. HP: 23/27 MP: 0/3
   144 | D:1      | Learned a level 2 spell: Wereblood
   634 | D:1      | Reached XP level 3. HP: 33/33 MP: 4/4
   990 | D:2      | Noticed Sigmund
  1082 | D:2      | Noticed Robin
  1093 | D:2      | Killed Robin
  1099 | D:2      | Reached XP level 4. HP: 41/41 MP: 5/5
  1167 | D:2      | Found a faded altar of an unknown god.
  1295 | D:2      | Noticed a scorpion
  1301 | D:2      | Killed a scorpion
  1302 | D:2      | Reached skill level 4 in Unarmed Combat
  1426 | D:2      | Slain by Sigmund

Illustrated notes

Levels and vault maps discovered:
D:1:      psy_arrival_terrarium, layout_basic, chequers_garden,
          dk_noncrumbling_3
D:2:      layout_basic, shapermc_ecumenical_altar_mp_urbaneastern, uniq_sigmund,
          uniq_robin

Skill      XL: |  1  2  3  4 |
---------------+-------------+-----
Fighting       | 1 |  1.8
Dodging        | 2 |  2.1
Unarmed Combat | 4 |  4.1
Spellcasting   | |  1.7
Transmutations | |  1.9

Action                   |  1- 3 |  4- 6 || total
-------------------------+-------+-------++-------
Melee: Unarmed           |    78 |    22 ||   100
       Kick              |     7 |     3 ||    10
       Headbutt          |     5 |     1 ||     6
       Punch             |       |     2 ||     2
 Cast: Beastly Appendage |    16 |     5 ||    21
  Use: Scroll            |     2 |       ||     2
Armor: Robe              |    33 |     1 ||    34
       Animal skin       |       |     1 ||     1
Dodge: Dodged            |    50 |     6 ||    56
